 Dungeon Crawl Stone Soup version 0.30-a0-364-gf6b3ef1049 (webtiles) character file.

Game seed: 13069591544818385748

1600 billz999 the Skirmisher (level 8, 0/64 HPs)
             Began as a Gnoll Hunter on Nov 14, 2022.
             Was an Initiate of Gozag.
             Slain by a steam dragon (2 damage)
             ... on level 7 of the Dungeon.
             The game lasted 00:07:02 (3971 turns).

billz999 the Skirmisher (Gnoll Hunter)              Turns: 3971, Time: 00:07:03

Health: 0/64       AC:  5    Str: 12    XL:     8   Next: 94%
Magic:  13/13      EV: 14    Int:  9    God:    Gozag
Gold:   105        SH:  0    Dex: 16    Spells: 14/14 levels left

rFire   . . .      SeeInvis .    a - +1 shortbow
rCold   . . .      Faith    .    (shield currently unavailable)
rNeg    . . .      Spirit   .    c - +0 leather armour
rPois   .          Reflect  .    (no helmet)
rElec   .          Harm     +    o - scarf {harm}
rCorr   .          Rampage  .    w - +1 pair of gloves
Will    .....                    (no boots)
Stlth   +++.......               (no amulet)
HPRegen 0.30/turn                (no ring)
MPRegen 0.13/turn                (no ring)

@: about to teleport
A: fangs 1, strong nose, distributed training
a: Renounce Religion, Potion Petition, Call Merchant, Bribe Branch


You were on level 7 of the Dungeon.
You worshipped Gozag.
Gozag was aware of your devotion.
You visited 1 branch of the dungeon, and saw 7 of its levels.

You collected 333 gold pieces.
You spent 156 gold pieces at shops.
You paid 72 gold pieces to Gozag.

Inventory:

Hand Weapons
 a - a +1 shortbow (weapon)
Armour
 c - a +0 leather armour (worn)
 o - a scarf of harm (worn)
 w - a +1 pair of gloves (worn)
Magical Staves
 h - a staff of fire
Jewellery
 u - a ring of fire
 z - an amulet of magic regeneration
Wands
 y - a wand of flame (7)
Scrolls
 b - a scroll of immolation
 g - a scroll of teleportation
 j - 2 scrolls of torment
 k - 2 scrolls of summoning
 t - a scroll of acquirement {unknown}
 v - a scroll of brand weapon {unknown}
 x - a scroll of butterflies {unknown}
 A - a scroll of vulnerability {unknown}
 C - a scroll of enchant armour {unknown}
Potions
 d - 2 potions of brilliance {unknown}
 i - a potion of berserk rage {unknown}
 l - a potion of heal wounds {unknown}
 p - 2 potions of lignification {unknown}
 q - 2 potions of flight {unknown}
 r - 2 potions of ambrosia {unknown}
 s - a potion of curing
 B - a potion of resistance {unknown}


   Skills:
 + Level 6.0 Fighting
 + Level 3.8 Short Blades
 + Level 3.8 Long Blades
 + Level 3.8 Axes
 + Level 3.8 Maces & Flails
 + Level 3.8 Polearms
 + Level 3.8 Staves
 + Level 9.4 Ranged Weapons
 + Level 3.8 Throwing
 + Level 3.8 Armour
 + Level 6.0 Dodging
 + Level 4.5 Stealth
 + Level 3.8 Shields
 + Level 3.8 Unarmed Combat
 + Level 3.8 Spellcasting
 + Level 3.1 Conjurations
 + Level 3.1 Hexes
 + Level 3.1 Summonings
 + Level 3.1 Necromancy
 + Level 3.1 Translocations
 + Level 3.1 Transmutations
 + Level 3.1 Fire Magic
 + Level 3.1 Ice Magic
 + Level 3.1 Air Magic
 + Level 3.1 Earth Magic
 + Level 3.1 Poison Magic
 + Level 4.2 Invocations
 + Level 3.8 Evocations


You had 14 spell levels left.
You didn't know any spells.
Your spell library contained the following spells:

 Spells                   Type           Power      Damage    Failure   Level
 Hailstorm                Conj/Ice       7%         3d4       28%         3
 Ice Form                 Ice/Tmut       7%         N/A       67%         4
 Simulacrum               Ice/Necr       Unusable   N/A       N/A         6

Dungeon Overview and Level Annotations

Branches:
Dungeon (7/15)
 Temple: D:4-7

Altars:
Gozag
Hepliaklqana
Kikubaaqudgha
Makhleb
Qazlal
Ru
Uskayaw
Wu Jian
Zin

Shops:
D:3 !


Innate Abilities, Weirdness & Mutations

You have very sharp teeth.
Your uncanny sense of smell can sniff out nearby items.
Your experience applies equally to all skills.


Message History

The ball of steam hits you!
* * * LOW HITPOINT WARNING * * *
You hear a shout! x2
Unknown command.
You feel better.
You are engulfed in a cloud of scalding steam.
* * * LOW HITPOINT WARNING * * *
The scorpion stings you but does no damage.
The steam dragon bites you.
* * * LOW HITPOINT WARNING * * *
The steam dragon claws you.
* * * LOW HITPOINT WARNING * * *
An orc comes into view. It is wielding a +0 dagger.
Okay, then.
The steam dragon attacks as you move away!
The steam dragon barely misses you.
The steam dragon closely misses you. 2 orcs come into view.
The scorpion closely misses you.
The orc suddenly grunts.
You feel better. The scorpion closely misses you.
The steam dragon breathes steam at you. The ball of steam misses you.
As you read the scroll of teleportation, it crumbles to dust.
You feel strangely unstable.
You are engulfed in a cloud of scalding steam.
The scorpion misses you. The steam dragon closely misses you.
The steam dragon claws you.
* * * LOW HITPOINT WARNING * * *
The scorpion stings you.
* * * LOW HITPOINT WARNING * * *
You are lethally poisoned!
The scorpion poisons you!
You feel better.
You are engulfed in a cloud of scalding steam.
* * * LOW HITPOINT WARNING * * *
The scorpion barely misses you. The steam dragon bites you!
* * * LOW HITPOINT WARNING * * *
The steam dragon claws you.
You die...
Your body crumbles into a pile of gold.

...#...........##
...##...#8###8## .......
...##...### ### .......
$.......#.# .......
$.......D.# .......
.$$$......### .......
#...........# ###.......
............###.s.......
............$.'D@ยงยง.....
.!..#############o...###
....# ....... ....#
.oo.... ##### ....... ###
....... ?.# ....... ..#
....... ..#


You could see a steam dragon (catching breath), a scorpion and 3 orcs.

Vanquished Creatures
  Maggie (D:6)
  A steam dragon (D:5)
  3 ogres (D:5)
  A sky beast (D:7)
  A kobold brigand (D:6)
  A bullfrog (D:5)
  2 necrophages
  2 wights (D:7)
  A scorpion (D:4)
  A killer bee (D:5)
  A howler monkey (D:7)
  3 hounds
  A jelly (D:4)
  4 iguanas
  3 gnolls (D:7)
  5 adders
  An ufetubus (D:5)
  2 worms
  3 dart slugs
  An orc (D:5)
  8 endoplasms
  3 giant cockroaches
  4 goblins
  9 hobgoblins
  5 jackals
  7 kobolds
  6 quokkas
  6 ball pythons
  4 bats
  3 frilled lizards
  7 rats
100 creatures vanquished.

Notes
Turn   | Place    | Note
-------+----------+-------------------------------------------
     0 | D:1      | billz999 the Gnoll Hunter began the quest for the Orb.
     0 | D:1      | Reached XP level 1. HP: 20/20 MP: 1/1
   211 | D:1      | Reached XP level 2. HP: 26/26 MP: 2/2
   312 | D:1      | Reached XP level 3. HP: 28/31 MP: 3/3
   593 | D:2      | Reached skill level 1 in Invocations
   748 | D:2      | Reached skill level 1 in Short Blades
   748 | D:2      | Reached skill level 1 in Long Blades
   748 | D:2      | Reached skill level 1 in Axes
   748 | D:2      | Reached skill level 1 in Maces & Flails
   748 | D:2      | Reached skill level 1 in Polearms
   748 | D:2      | Reached skill level 1 in Staves
   748 | D:2      | Reached skill level 1 in Throwing
   748 | D:2      | Reached skill level 1 in Armour
   748 | D:2      | Reached skill level 1 in Shields
   748 | D:2      | Reached skill level 1 in Unarmed Combat
   748 | D:2      | Reached skill level 1 in Spellcasting
   748 | D:2      | Reached skill level 1 in Evocations
   844 | D:2      | Reached XP level 4. HP: 38/38 MP: 5/5
  1334 | D:2      | Reached skill level 1 in Conjurations
  1334 | D:2      | Reached skill level 1 in Hexes
  1334 | D:2      | Reached skill level 1 in Summonings
  1334 | D:2      | Reached skill level 1 in Necromancy
  1334 | D:2      | Reached skill level 1 in Translocations
  1334 | D:2      | Reached skill level 1 in Transmutations
  1334 | D:2      | Reached skill level 1 in Fire Magic
  1334 | D:2      | Reached skill level 1 in Ice Magic
  1334 | D:2      | Reached skill level 1 in Air Magic
  1334 | D:2      | Reached skill level 1 in Earth Magic
  1334 | D:2      | Reached skill level 1 in Poison Magic
  1638 | D:3      | Found Qaqeeti's Distillery.
  1647 | D:3      | Bought a potion of curing for 39 gold pieces
  1647 | D:3      | Bought a potion of curing for 39 gold pieces
  1647 | D:3      | Bought a potion of curing for 39 gold pieces
  1647 | D:3      | Bought a potion of curing for 39 gold pieces
  1890 | D:4      | Reached XP level 5. HP: 43/43 MP: 5/7
  1912 | D:4      | Found a hazy altar of Hepliaklqana.
  1928 | D:4      | Found an opulent altar of Gozag.
  2258 | D:4      | Reached XP level 6. HP: 45/50 MP: 8/8
  2421 | D:5      | Entered Level 5 of the Dungeon
  2443 | D:5      | Reached skill level 5 in Fighting
  2443 | D:5      | Reached skill level 5 in Dodging
  2599 | D:5      | Reached XP level 7. HP: 56/56 MP: 10/10
  2661 | D:4      | Became a worshipper of Gozag Ym Sagoz the Greedy
  2844 | D:5      | Noticed a steam dragon
  2858 | D:5      | Reached skill level 9 in Ranged Weapons
  2880 | D:5      | Killed a steam dragon
  2881 | D:5      | Reached XP level 8. HP: 15/63 MP: 12/12
  3214 | D:5      | Found a stormy altar of Qazlal.
  3383 | D:6      | Noticed Maggie
  3398 | D:6      | Killed Maggie
  3502 | D:6      | Noticed a boulder beetle
  3681 | D:7      | Found a burning altar of Makhleb.
  3681 | D:7      | Found a glowing silver altar of Zin.
  3711 | D:7      | Found an ancient bone altar of Kikubaaqudgha.
  3714 | D:7      | Found a hide-covered altar of Uskayaw.
  3716 | D:7      | Found a sacrificial altar of Ru.
  3721 | D:7      | Found an ornate altar of the Wu Jian Council.
  3967 | D:7      | HP: 2/64 [steam dragon (3)]
  3971 | D:7      | Slain by a steam dragon

Illustrated notes

Levels and vault maps discovered:
D:1:      noname_arrival_rooms_in_the_neighbourhood, layout_basic,
          serial_bayou_pond_e, st_stairs_14
D:2:      minmay_wonky_spiral, layout_loops_cross,
          corexii_item_surrounded_by_moat, grunt_ministairs_6, st_stairs_14,
          glass_columns_b, minmay_ruptured
D:3:      layout_rooms, serial_shops, nicolae_shop_stone
D:4:      layout_rooms, grunt_gozag_breadcrumbs,
          mainiacjoe_overflow_concentric_impassable
D:5:      layout_rooms, mainiacjoe_overflow_surrounded_room,
          chequers_serial_rivers_micro_a, chequers_serial_rivers_small_a,
          st_stairs_5
D:6:      layout_basic, minmay_manual_monstrance, uniq_maggie
D:7:      layout_basic, nicolae_overflow_hallway_of_the_gods,
          minmay_temple_entry_poolview, serial_corexii_hall,
          chequers_hall_statues_corner_a, corexii_hall_statues_l,
          corexii_hall_statues_u

Skill      XL: |  1  2  3  4  5  6  7  8 |
---------------+-------------------------+-----
Invocations    | 1 2 3 4 |  4.2
Short Blades   | 1 2 3 |  3.8
Long Blades    | 1 2 3 |  3.8
Axes           | 1 2 3 |  3.8
Maces & Flails | 1 2 3 |  3.8
Polearms       | 1 2 3 |  3.8
Staves         | 1 2 3 |  3.8
Throwing       | 1 2 3 |  3.8
Armour         | 1 2 3 |  3.8
Shields        | 1 2 3 |  3.8
Unarmed Combat | 1 2 3 |  3.8
Spellcasting   | 1 2 3 |  3.8
Evocations     | 1 2 3 |  3.8
Conjurations   | 1 2 3 |  3.1
Hexes          | 1 2 3 |  3.1
Summonings     | 1 2 3 |  3.1
Necromancy     | 1 2 3 |  3.1
Translocations | 1 2 3 |  3.1
Transmutations | 1 2 3 |  3.1
Fire Magic     | 1 2 3 |  3.1
Ice Magic      | 1 2 3 |  3.1
Air Magic      | 1 2 3 |  3.1
Earth Magic    | 1 2 3 |  3.1
Poison Magic   | 1 2 3 |  3.1
Stealth        | 3 4 |  4.5
Fighting       | 5 6 |  6.0
Dodging        | 5 6 |  6.0
Ranged Weapons | 9 |  9.4

Action                   |  1- 3 |  4- 6 |  7- 9 || total
-------------------------+-------+-------+-------++-------
 Fire: Shortbow          |    74 |    97 |   149 ||   320
Evoke: Wand              |       |     1 |     6 ||     7
  Use: Scroll            |       |       |     7 ||     7
       Potion            |       |       |     4 ||     4
Armor: Leather armour    |     3 |     1 |    12 ||    16
Dodge: Dodged            |     4 |     7 |    57 ||    68

Table legend: (Time is in decaauts)
 A = Elapsed time spent in this place.
 B = Non-inter-level travel time spent in this place.
 C = Inter-level travel time spent in this place.
 D = Time resting spent in this place.
 E = Time spent auto-exploring this place.
 F = Levels seen in this place.
 G = Mean time per level.
                   A        B        C        D        E       F      G
               +--------+--------+--------+--------+--------+-----+--------+
         Total |   4007 |   3657 |    350 |    184 |   2867 |   7 |  572.4 |
       Dungeon |   4007 |   3657 |    350 |    184 |   2867 |   7 |  572.4 |
               +--------+--------+--------+--------+--------+-----+--------+

Top non-repeatable levels by time:
     D:5: 934 daAuts
     D:2: 862 daAuts
     D:1: 588 daAuts
     D:4: 576 daAuts
     D:3: 449 daAuts
     D:7: 445 daAuts
     D:6: 151 daAuts
